 Dungeon Crawl Stone Soup version 0.22-a0-265-g0d8bc90 (webtiles) character file.

65 Amnesiac the Charmwright (level 4, -2/38 HPs)
             Began as a Gnoll Skald on Mar 7, 2018.
             Slain by Duvessa
             ... wielding a +2 short sword of freezing
              (5 damage)
             ... on level 4 of the Dungeon.
             The game lasted 00:02:37 (526 turns).

Amnesiac the Charmwright (Gnoll Skald)               Turns: 526, Time: 00:02:39

Health: -2/38      AC:  5    Str: 15    XL:     4   Next: 13%
Magic:  6/11       EV: 14    Int: 15    God:
Gold:   69         SH:  0    Dex: 14    Spells: 12/13 levels left

rFire    . . .     SeeInvis .   a - +1 spear
rCold    . . .     Gourm    .   (no shield)
rNeg     . . .     Faith    .   b - +0 leather armour
rPois    .         Spirit   .   (no helmet)
rElec    .         Reflect  .   (no cloak)
rCorr    .         Harm     .   c - +0 pair of gloves
MR       .....                  j - +0 pair of boots
Stlth    +.........             (no amulet)
HPRegen  0.12/turn              (no ring)
MPRegen  0.12/turn              (no ring)

@: infused
A: distributed training, fangs 1, strong nose
a: no special abilities


You were on level 4 of the Dungeon.
You were not hungry.

You visited 1 branch of the dungeon, and saw 4 of its levels.

You collected 69 gold pieces.

Inventory:

Hand Weapons
 a - a +1 spear (weapon)
Armour
 b - a +0 leather armour (worn)
 c - a +0 pair of gloves (worn)
 j - a +0 pair of boots (worn)
Wands
 i - a wand of iceblast (8)
Comestibles
 d - 2 rations
 f - 4 chunks of flesh


   Skills:
 + Level 4.6 Fighting
 + Level 1.0 Short Blades
 + Level 1.0 Long Blades
 + Level 1.0 Axes
 + Level 1.0 Maces & Flails
 + Level 4.6 Polearms
 + Level 1.0 Staves
 + Level 1.0 Slings
 + Level 1.0 Bows
 + Level 1.0 Crossbows
 + Level 1.0 Throwing
 + Level 2.7 Armour
 + Level 4.6 Dodging
 + Level 1.0 Stealth
 + Level 1.0 Shields
 + Level 1.0 Unarmed Combat
 + Level 5.0 Spellcasting
 + Level 0.7 Conjurations
 + Level 0.7 Hexes
 + Level 5.4 Charms
 + Level 0.7 Summonings
 + Level 0.7 Necromancy
 + Level 0.7 Translocations
 + Level 0.7 Transmutations
 + Level 0.7 Fire Magic
 + Level 0.7 Ice Magic
 + Level 0.7 Air Magic
 + Level 0.7 Earth Magic
 + Level 0.7 Poison Magic
 + Level 1.1 Invocations
 + Level 1.0 Evocations


You had 12 spell levels left.
You knew the following spells:

 Your Spells              Type           Power        Failure   Level  Hunger
a - Infusion              Chrm           ###.         1%          1    None


Dungeon Overview and Level Annotations

Branches:
Dungeon (4/15)
 Temple: D:4-7

Altars:
Uskayaw

Annotations:
D:4 Dowan, Duvessa, Robin


Innate Abilities, Weirdness & Mutations

Your experience applies equally to all skills.
You have very sharp teeth.
Your uncanny sense of smell can sniff out nearby items.


Message History

A quokka, 3 hobgoblins and Robin come into view.
Robin shouts!
The hobgoblin shouts! x2; You hear a shout! x2
Robin roars a battlecry!
The hobgoblins go into a battle-frenzy!
Duvessa hits you but does no damage.
Found 2 white potions.
Found a stone staircase leading up.
A giant cockroach and a goblin come into view.
A goblin comes into view. It is wielding a dagger.
The goblin shouts!
The hobgoblin hits you.
A goblin comes into view.
The adder hisses angrily.
You hear a bark!
You see here 2 white potions {!q}.
An adder and a jackal come into view.
The adder hisses angrily.
Robin laughs in a distinctly smug fashion.
The jackal moves out of view.
The goblin moves out of view.
Found 14 gold pieces.
The adder barely misses you.
Duvessa hits you with a short sword of freezing!
* * * LOW HITPOINT WARNING * * *
Duvessa freezes you.
* * * LOW HITPOINT WARNING * * *
The ball python bites you but does no damage.
The ball python grabs you. The ball python constricts you.
You escape the ball python's grasp.
You aren't carrying any potions.
Unknown command.
Really read
e - a scroll labeled PEICOW PEPYT {!r}?
As you read the scroll labeled PEICOW PEPYT {!r}, it crumbles to dust.
It is a scroll of amnesia.
Okay, then.
Duvessa hits you with a short sword of freezing.
* * * LOW HITPOINT WARNING * * *
Duvessa freezes you.
* * * LOW HITPOINT WARNING * * *
Unknown command.
Dowan points at you and mumbles some strange words.
The puff of flame misses you.
You hear a shout!
Really read
h - a scroll labeled NECOAT YHIHIOPP {!r}?
As you read the scroll labeled NECOAT YHIHIOPP {!r}, it crumbles to dust.
It is a scroll of enchant weapon.
Your +0 spear glows red for a moment.
Duvessa hits you with a short sword of freezing.
* * * LOW HITPOINT WARNING * * *
Duvessa freezes you.
* * * LOW HITPOINT WARNING * * *
A goblin comes into view. It is wielding a dagger.
Okay, then.
You aren't carrying any potions.
Unknown command.
Unknown command.
Really read
g - a scroll labeled MILIUD CUIW {!r}?
As you read the scroll labeled MILIUD CUIW {!r}, it crumbles to dust.
You feel blessed for a moment.
It was a scroll of remove curse {!r}.
Duvessa barely misses you.
Dowan says, "Magic and the sword, together, will defeat you."
You barely miss Duvessa. Duvessa barely misses you. Dowan misses you.
You hit Duvessa.
Duvessa is lightly wounded.
The hobgoblin no longer looks unusually strong.
Duvessa hits you with a short sword of freezing.
You die...

∆ . #..#.#e . ∆
#... . ..
####.##.###
...#####.egs.g...
.......#@##.#..#
.......#e##.#..#$#.
.......#g##.S......
.$.h...rgSgS# #
.......#g##g#..###
.......#.!...ggg...
.......####g#######
#...... #.# #.#####
#r#


You could see Duvessa, Dowan, a quokka, a giant cockroach, 4 hobgoblins, a
goblin and a ball python.

Vanquished Creatures
  An orc priest (D:3)
  An adder (D:2)
  A worm (D:2)
  2 leopard geckos
  2 orcs (D:3)
  3 goblins
  2 hobgoblins
  A quokka (D:2)
  A bat (D:1)
  2 frilled lizards
  3 kobolds
  2 rats (D:1)
21 creatures vanquished.

Notes
Turn   | Place    | Note
-------+----------+-------------------------------------------
     0 | D:1      | Amnesiac the Gnoll Skald began the quest for the Orb.
     0 | D:1      | Reached XP level 1. HP: 20/20 MP: 6/6
    84 | D:1      | Reached XP level 2. HP: 26/26 MP: 3/7
   276 | D:2      | Reached XP level 3. HP: 31/31 MP: 3/9
   336 | D:2      | Found a hide-covered altar of Uskayaw.
   340 | D:2      | Noticed an enchanted hand axe
   340 | D:2      | Noticed a hand axe
   419 | D:2      | Reached skill level 5 in Spellcasting
   457 | D:4      | Noticed Duvessa
   457 | D:4      | Noticed Dowan
   464 | D:3      | Reached skill level 1 in Short Blades
   464 | D:3      | Reached skill level 1 in Long Blades
   464 | D:3      | Reached skill level 1 in Axes
   464 | D:3      | Reached skill level 1 in Maces & Flails
   464 | D:3      | Reached skill level 1 in Staves
   464 | D:3      | Reached skill level 1 in Slings
   464 | D:3      | Reached skill level 1 in Bows
   464 | D:3      | Reached skill level 1 in Crossbows
   464 | D:3      | Reached skill level 1 in Throwing
   464 | D:3      | Reached skill level 1 in Stealth
   464 | D:3      | Reached skill level 1 in Shields
   464 | D:3      | Reached skill level 1 in Unarmed Combat
   464 | D:3      | Reached skill level 1 in Invocations
   464 | D:3      | Reached skill level 1 in Evocations
   464 | D:3      | Reached XP level 4. HP: 31/38 MP: 6/11
   514 | D:4      | Noticed Robin
   526 | D:4      | Slain by Duvessa

Vault maps used:
D:1:      doesnt_arrival_eight_statues
D:2:      minmay_wonky_spiral, dancing_weapons_uskayaw
D:3:      nicolae_overflow_hidden_temple, okawaru_altar_gauntlet_db,
          first_ration, uniq_grinder
D:4:      led_sif_book, minmay_temple_entry_glass, serial_park_tiny_2,
          corexii_corridor_pit, uniq_duvessa, uniq_eustachio, uniq_natasha,
          uniq_robin

Skill      XL: |  1  2  3 |
---------------+----------+-----
Spellcasting   | 5 |  5.0
Short Blades   | 1 |  1.0
Long Blades    | 1 |  1.0
Axes           | 1 |  1.0
Maces & Flails | 1 |  1.0
Staves         | 1 |  1.0
Slings         | 1 |  1.0
Bows           | 1 |  1.0
Crossbows      | 1 |  1.0
Throwing       | 1 |  1.0
Stealth        | 1 |  1.0
Shields        | 1 |  1.0
Unarmed Combat | 1 |  1.0
Invocations    | 1 |  1.1
Evocations     | 1 |  1.0
Fighting       | |  4.6
Polearms       | |  4.6
Armour         | |  2.7
Dodging        | |  4.6
Conjurations   | |  0.7
Hexes          | |  0.7
Charms         | |  5.4
Summonings     | |  0.7
Necromancy     | |  0.7
Translocations | |  0.7
Transmutations | |  0.7
Fire Magic     | |  0.7
Ice Magic      | |  0.7
Air Magic      | |  0.7
Earth Magic    | |  0.7
Poison Magic   | |  0.7

Action                   |  1- 3 |  4- 6 || total
-------------------------+-------+-------++-------
Melee: Spear             |    48 |    10 ||    58
       Bite              |     2 |       ||     2
 Cast: Infusion          |     9 |     2 ||    11
  Use: Scroll            |       |     3 ||     3
 Stab: Sleeping          |     1 |       ||     1
Armor: Leather armour    |     7 |     2 ||     9
Dodge: Dodged            |    21 |    10 ||    31

Table legend:
 A = Spawn XP
 B = Non-spawn XP
 C = Spawn XP percentage of total XP
 D = Spawn monster count
 E = Non-spawn monster count
 F = Spawn count percentage of total count
 G = Total turns spent on level
                    A         B        C        D         E        F      G
               +---------+---------+-------+---------+---------+-------+---------
         Total |       0 |      93 |   0.0 |       0 |      21 |   0.0 |   526
               +---------+---------+-------+---------+---------+-------+---------
           D:1 |       0 |      11 |   0.0 |       0 |       7 |   0.0 |   113
           D:2 |       0 |      33 |   0.0 |       0 |       9 |   0.0 |   336
           D:3 |       0 |      49 |   0.0 |       0 |       5 |   0.0 |    63
               +---------+---------+-------+---------+---------+-------+---------
